 Dungeon Crawl Stone Soup version 0.30-a0-347-gf58ed5266c (webtiles) character file.

Game seed: 15191767463817071233

27 Shayle the Insei (level 3, -3/29 HPs)
             Began as a Djinni Reaver on Nov 5, 2022.
             Slain by Sigmund
             ... wielding a +0 scythe
              (11 damage)
             ... on level 2 of the Dungeon.
             The game lasted 00:03:34 (758 turns).

Shayle the Insei (Djinni Reaver)                     Turns: 758, Time: 00:03:35

Health: -3/29      AC:  3    Str: 11    XL:     3   Next: 25%
Gold:   42         EV: 12    Int: 16    God:
                   SH:  0    Dex: 11

rFire   + + +      SeeInvis .    d - +1 hand axe (vorpal)
rCold   . . .      Faith    .    (no shield)
rNeg    . . .      Spirit   .    a - +0 leather armour
rPois   ∞          Reflect  .    (no helmet)
rElec   +          Harm     .    (no cloak)
rCorr   +          Rampage  .    (no gloves)
Will    .....                    (boots unavailable)
Stlth   +.........               (no amulet)
HPRegen 0.24/turn                (no ring)
MPRegen 0.00/turn                (no ring)

@: confused, resistant, ambrosia-drunk, flying, hasted, very quick
A: sickness immunity, fire resistance 2, cold vulnerability 1, float, innate
caster, HP casting, extra vitality 1
a: no special abilities


You were on level 2 of the Dungeon.
You visited 1 branch of the dungeon, and saw 2 of its levels.

You collected 42 gold pieces.

Inventory:

Hand Weapons
 d - a +1 vorpal hand axe (weapon)
 g - a +4 dagger
Armour
 a - a +0 leather armour (worn)
Scrolls
 b - 4 scrolls of identify {unknown}
 h - a scroll of immolation {unknown}
Potions
 f - a potion of resistance


   Skills:
 + Level 2.3 Fighting
 + Level 2.6 Dodging
 + Level 0.9 Stealth
 + Level 3.2 Unarmed Combat
 + Level 2.6 Spellcasting


You couldn't memorise any spells.
You knew the following spells:

 Your Spells              Type           Power      Damage    Failure   Level
a - Kiss of Death         Conj/Necr      40%        2d8       9%          1
b - Momentum Strike       Conj/Tloc      20%        3d8       13%         2
c - Hailstorm             Conj/Ice       10%        3d5       26%         3
d - Necrotise             Necr           40%        1d6       9%          1
Your spell library was empty.

Dungeon Overview and Level Annotations

Branches:
Dungeon (2/15)

Altars:

Shops:
D:1 (!*!:

Annotations:
D:2 Sigmund


Innate Abilities, Weirdness & Mutations

You are immune to sickness and miasma.
You are immune to poison.
Your flesh is very heat resistant. (rF++)
You are vulnerable to cold. (rC-)
You float through the air rather than walking.
You learn spells naturally, not from books.
Your magical power is your life essence.
You have superior vitality. (+4 MHP)


Message History

Press: ? - help, Dir - move target, f - Sigmund
Aim: Sigmund, wielding a +0 scythe and wearing a +0 robe (severely wounded, 64% to hit)
The concentrated momentum misses Sigmund.
* * * LOW HITPOINT WARNING * * *
Sigmund barely misses you.
Casting: Momentum Strike (safe; 13% risk of failure)
Confirm with . or Enter, or press ? or * to list all spells.
Aiming: Momentum Strike (safe; 13% risk of failure)
Press: ? - help, Dir - move target, f/p - Sigmund
Aim: Sigmund, wielding a +0 scythe and wearing a +0 robe (severely wounded, 64% to hit)
The concentrated momentum misses Sigmund.
* * * LOW HITPOINT WARNING * * *
Sigmund gestures wildly while chanting.
Sigmund flickers and vanishes!
Deactivating autopickup; reactivate with Ctrl-A.
Casting: Momentum Strike (safe; 13% risk of failure)
Confirm with . or Enter, or press ? or * to list all spells.
Aiming: Momentum Strike (safe; 13% risk of failure)
Press: ? - help, Dir - move target The momentum dissipates harmlessly.
* * * LOW HITPOINT WARNING * * *
Something hits you.
* * * LOW HITPOINT WARNING * * *
Unknown command.
You barely miss something.
You hear some strange, mumbled words.
You are confused.
Unknown command.
It was a potion of resistance.
You feel protected. Something hits you but does no damage.
It was a potion of ambrosia.
You are more confused.
You feel invigorated.
It was a potion of flight.
You feel more buoyant. Something hits you.
* * * LOW HITPOINT WARNING * * *
It was a potion of haste.
You feel yourself speed up. Something hits you!
You die...

### #.# ######.#
#......# #.####.# #####
#.# #.# #...# #.# #.#
#...###.# #.# #
#...'...# #@# #.
#...#####....{....#
+.##...# #.........#
#.....## #.........#
#.....# ###.........#
##.....###............#
...........>..........#
####..........##+######
..............#


There were no monsters in sight!

Vanquished Creatures
  3 endoplasms (D:1)
  A giant cockroach (D:1)
  6 goblins (D:1)
  3 hobgoblins (D:1)
  3 kobolds (D:1)
  A ball python (D:1)
  3 bats (D:1)
  4 rats (D:1)
24 creatures vanquished.

Vanquished Creatures (others)
  2 plants (D:1)
2 creatures vanquished.

Grand Total: 26 creatures vanquished

Notes
Turn   | Place    | Note
-------+----------+-------------------------------------------
     0 | D:1      | Shayle the Djinni Reaver began the quest for the Orb.
     0 | D:1      | Shayle set off with the following spells memorised: Kiss of
                  | Death, Momentum Strike, Hailstorm.
     0 | D:1      | Reached XP level 1. HP: 18/18 MP: 0/0
   102 | D:1      | Found Pulotsyl's Assorted Antiques.
   114 | D:1      | Reached XP level 2. HP: 23/23 MP: 0/0
   144 | D:1      | Found Qauss's Distillery.
   161 | D:1      | Found Fuas's Book Emporium.
   323 | D:1      | Found Kitugam's Weapon Emporium.
   360 | D:1      | Reached XP level 3. HP: 27/28 MP: 0/0
   360 | D:1      | Learned a level 1 spell: Necrotise
   457 | D:1      | Found Atahaobi's Distillery.
   738 | D:2      | Noticed Sigmund
   753 | D:2      | HP: 1/29 [something (1)]
   758 | D:2      | Slain by Sigmund

Illustrated notes

Levels and vault maps discovered:
D:1:      dreamdust_arrival_beginning_and_end, layout_rooms, serial_forest,
          infiniplex_forest_clump_C, infiniplex_forest_lined_ring,
          infiniplex_forest_clump_curved, infiniplex_forest_clump_small,
          infiniplex_forest_lined_room_2, infiniplex_forest_clump_double,
          infiniplex_forest_clump_small, infiniplex_forest_clump_tiny,
          infiniplex_forest_lined_1, infiniplex_forest_clump_medium,
          serial_shops, nicolae_shop_bloodbath_and_beyond, shop,
          nicolae_shop_hallway_stairs, nicolae_shop_competitors_out_of_business,
          nicolae_shop_hallway_plus, minmay_misc_feat_room, minmay_tromino_v4_a
D:2:      layout_basic, shapermc_ecumenical_altar_notcrosses, uniq_jessica,
          uniq_sigmund, uniq_robin

Action                   || total
-------------------------++-------
Melee: Unarmed           ||    28
       Hand axe          ||    40
 Cast: Momentum Strike   ||     3
       Necrotise         ||     2
  Use: Potion            ||     4
 Stab: Sleeping          ||     2
Armor: Leather armour    ||    20
Dodge: Dodged            ||    32

Table legend: (Time is in decaauts)
 A = Elapsed time spent in this place.
 B = Non-inter-level travel time spent in this place.
 C = Inter-level travel time spent in this place.
 D = Time resting spent in this place.
 E = Time spent auto-exploring this place.
 F = Levels seen in this place.
 G = Mean time per level.
                   A        B        C        D        E       F      G
               +--------+--------+--------+--------+--------+-----+--------+
         Total |    768 |    763 |      5 |     23 |    405 |   2 |  384.0 |
       Dungeon |    768 |    763 |      5 |     23 |    405 |   2 |  384.0 |
               +--------+--------+--------+--------+--------+-----+--------+

Top non-repeatable levels by time:
     D:1: 701 daAuts
     D:2: 66 daAuts
